 Dungeon Crawl Stone Soup version 0.30-a0-358-g0d69a19 (webtiles) character file.

Game seed: 8419857320856192896

4260 Dorkslayer the Covered (level 10, -2/79 HPs)
             Began as a Human Fighter on Nov 10, 2022.
             Was an Initiate of Gozag.
             Slain by a two-headed ogre
             ... wielding a +0 giant club
              (27 damage)
             ... on level 9 of the Dungeon.
             The game lasted 00:21:58 (6887 turns).

Dorkslayer the Covered (Human Fighter)              Turns: 6887, Time: 00:21:58

Health: -2/79      AC: 14    Str: 19    XL:     10   Next: 56%
Magic:  10/10      EV:  6    Int:  8    God:    Gozag
Gold:   509        SH:  0    Dex: 15    Spells: 9/9 levels left

rFire   . . .      SeeInvis +    H - +6 halberd of Punishment {venom, Stlth+}
rCold   . . .      Faith    .    (shield currently unavailable)
rNeg    . . .      Spirit   .    o - +0 plate armour
rPois   .          Reflect  .    y - +0 helmet
rElec   .          Harm     .    (no cloak)
rCorr   +          Rampage  .    (no gloves)
Will    .....                    (no boots)
Stlth   ..........               x - amulet of the acrobat
HPRegen 0.33/turn                h - ring of see invisible
MPRegen 0.12/turn                r - ring of resist corrosion

@: no status effects
A: no striking features
a: Renounce Religion, Potion Petition, Call Merchant, Bribe Branch


You were on level 9 of the Dungeon.
You worshipped Gozag.
Gozag was pleased with you.
You visited 2 branches of the dungeon, and saw 10 of its levels.

You collected 1013 gold pieces.
You spent 398 gold pieces at shops.
You paid 106 gold pieces to Gozag.

Inventory:

Hand Weapons
 a - a +0 long sword
 q - the +3 woodcutter's axe {vorpal}
   (You found it on level 2 of the Dungeon)

   It inflicts extra damage upon your enemies.
 H - the +6 halberd of Punishment (weapon) {venom, Stlth+}
   (You found it on level 9 of the Dungeon)

   It poisons the flesh of those it strikes.
   Stlth:     It makes you more stealthy.
Missiles
 j - 8 poisoned darts (quivered)
 t - 2 boomerangs
 v - 4 javelins
Armour
 c - a +0 buckler
 o - a +0 plate armour (worn)
 y - a +0 helmet (worn)
Jewellery
 h - a ring of see invisible (left hand)
 r - a ring of resist corrosion (right hand)
 x - an amulet of the acrobat (around neck)
Wands
 G - a wand of charming (16)
Scrolls
 b - 5 scrolls of amnesia
 e - 2 scrolls of magic mapping
 f - a scroll of immolation {unknown}
 i - a scroll of enchant armour {unknown}
 k - 2 scrolls of fear {unknown}
 l - 4 scrolls of noise {unknown}
 m - 3 scrolls of teleportation
 n - 2 scrolls of enchant weapon {unknown}
 s - 3 scrolls of vulnerability {unknown}
 u - a scroll of silence
 z - 3 scrolls of brand weapon {unknown}
 E - a scroll of acquirement {unknown}
 I - a scroll of torment {unknown}
Potions
 d - a potion of lignification
 g - 2 potions of curing
 p - 2 potions of magic
 w - 4 potions of heal wounds
 A - a potion of flight
 B - 2 potions of haste
 C - 2 potions of ambrosia
 D - 2 potions of attraction
 F - a potion of might
 J - a potion of resistance {unknown}


   Skills:
 + Level 7.1 Fighting
 * Level 4.8 Long Blades
 - Level 6.4(6.6) Axes
 * Level 2.5(4.8) Polearms
 + Level 1.8 Throwing
 + Level 7.9 Armour
 + Level 0.6 Dodging
 + Level 1.9 Stealth
 + Level 3.9 Shields
 * Level 5.5 Evocations


You had 9 spell levels left.
You didn't know any spells.
Your spell library contained the following spells:

 Spells                   Type           Power      Damage    Failure   Level
 Animate Armour           Summ/Erth      0%         N/A       100%        4
 Blade Hands              Tmut           0%         N/A       100%        5
 Iron Shot                Conj/Erth      0%         9d1       100%        6


Dungeon Overview and Level Annotations

Branches:
Dungeon (9/15)             Temple (1/1) D:5
   Lair: D:8-11         Orc: D:9-12

Altars:
Ashenzari
Cheibriados
Dithmenos
Elyvilon
Fedhas
Gozag
Hepliaklqana
Kikubaaqudgha
Makhleb
Nemelex Xobeh
Okawaru
Qazlal
Ru
Sif Muna
Trog
Uskayaw
Vehumet
Wu Jian
Xom
Yredelemnul
Zin
The Shining One

Shops:
D:5 *   D:6 !


Message History

Throw: 9 darts (poison)
Press: ? - help, Q - select action, (/) - cycle Shift-Dir - straight line, f/p - two-headed ogre
Aim: a two-headed ogre, wielding two +0 giant clubs (poisoned, 76% to hit)
You throw a poisoned dart.
The poisoned dart hits the two-headed ogre.
Unknown command.
Reach: H) +6 halberd of Punishment {venom, Stlth+}
Press: ? - help, Dir - move target, f/p - two-headed ogre
Aim: a two-headed ogre, wielding two +0 giant clubs (lightly wounded, poisoned, about 22% to evade the +6 halberd of Punishment)
You reach to attack!
You puncture the two-headed ogre!
The two-headed ogre looks as sick as possible!
The two-headed ogre is moderately wounded.
The two-headed ogre hits you with a +0 giant club!!
The two-headed ogre hits you but does no damage.
You barely miss the two-headed ogre.
The two-headed ogre is moderately wounded.
You puncture the two-headed ogre!
The two-headed ogre looks as sick as possible!
The two-headed ogre is heavily wounded.
The two-headed ogre hits you but does no damage.
The two-headed ogre completely misses you.
The orc wizard mumbles some strange words.
The orc wizard flickers and vanishes for a moment.
You hit the two-headed ogre but do no damage.
The two-headed ogre looks as sick as possible!
The two-headed ogre is severely wounded.
The two-headed ogre hits you but does no damage.
The two-headed ogre hits you with a +0 giant club!
You closely miss the two-headed ogre.
The two-headed ogre is severely wounded.
The two-headed ogre hits you with a +0 giant club!!
* * * LOW HITPOINT WARNING * * *
The two-headed ogre hits you with a +0 giant club!
* * * LOW HITPOINT WARNING * * *
Unknown command.
Okay, then.
You feel much better.
The two-headed ogre hits you with a +0 giant club!!
You die...
Your body crumbles into a pile of gold.

..... ##...(# .# ...... . ?.#
#.#(# . #####.#.### #### . #.
........(o# #.. .. .
####.#.#o####.## ## .. .##.##
#.#.#O##.... .# #.#.##..#
#.#.#@##.#.# .# ........#
#.#.#.##.#.######.####
##.####.####.....................
.....##....)...######.#######.###
......#.#.###### #># #
......#.#)# #.# .._.....#)# #.#
......#.#.# #.# ......#...# #>#


You could see a two-headed ogre (extremely poisoned) and 2 orc wizards.

Vanquished Creatures
  2 two-headed ogres (D:5)
  3 yaks (D:9)
  A steam dragon (D:6)
  A water moccasin (D:6)
  An ice beast (D:5)
  An orc warrior (D:9)
  2 sky beasts
  A centaur (D:8)
  3 phantoms
  A bullfrog (D:7)
  A necrophage (D:6)
  A gnoll sergeant (D:9)
  A scorpion (D:6)
  16 killer bees
  A howler monkey (D:6)
  4 hounds
  5 orc priests
  2 jellies (D:5)
  2 gnoll boudas
  3 iguanas
  Terence (D:3)
  Jessica (D:3)
  2 orc wizards
  11 gnolls
  5 adders
  A white imp (D:6)
  A dart slug (D:3)
  17 orcs
  7 ball pythons
  4 endoplasms
  3 giant cockroaches
  2 goblins
  5 hobgoblins
  2 jackals (D:3)
  4 kobolds
  A quokka (D:4)
  6 bats
  2 frilled lizards (D:1)
  3 rats (D:1)
130 creatures vanquished.

Vanquished Creatures (collateral kills)
  An orc (D:5)
1 creature vanquished.

Grand Total: 131 creatures vanquished

Notes
Turn   | Place    | Note
-------+----------+-------------------------------------------
     0 | D:1      | Dorkslayer the Human Fighter began the quest for the Orb.
     0 | D:1      | Reached XP level 1. HP: 18/18 MP: 1/1
   358 | D:1      | Reached XP level 2. HP: 24/24 MP: 2/2
  1019 | D:2      | Found a faded altar of an unknown god.
  1209 | D:2      | Reached XP level 3. HP: 28/29 MP: 3/3
  1257 | D:2      | Found the +3 woodcutter's axe {vorpal}
  1684 | D:3      | Found a burning altar of Makhleb.
  1695 | D:3      | Noticed Terence
  1712 | D:3      | Killed Terence
  1713 | D:3      | Reached XP level 4. HP: 34/35 MP: 4/4
  1862 | D:3      | Noticed Jessica
  1862 | D:3      | Noticed a phantom
  1868 | D:3      | Killed Jessica
  1869 | D:3      | Reached skill level 1 in Axes
  1869 | D:3      | Reached XP level 5. HP: 34/41 MP: 5/5
  1872 | D:3      | Killed a phantom
  1890 | D:3      | Found a glowing golden altar of the Shining One.
  2126 | D:4      | Reached XP level 6. HP: 46/48 MP: 6/6
  2604 | D:4      | Found a bloodstained altar of Trog.
  2687 | D:4      | Found a glowing silver altar of Zin.
  2795 | D:5      | Entered Level 5 of the Dungeon
  2795 | D:5      | Noticed a two-headed ogre
  2795 | D:5      | Found Lec Bahu's Assorted Antiques.
  2801 | D:5      | Killed a two-headed ogre
  2802 | D:5      | Reached skill level 5 in Armour
  2802 | D:5      | Reached XP level 7. HP: 28/55 MP: 7/7
  2802 | D:5      | Reached XP level 8. HP: 31/61 MP: 8/8
  3107 | D:5      | Found a staircase to the Ecumenical Temple.
  3116 | Temple   | Entered the Ecumenical Temple
  3145 | Temple   | Became a worshipper of Gozag Ym Sagoz the Greedy
  3231 | D:5      | Found an ornate altar of the Wu Jian Council.
  3251 | D:5      | Reached skill level 5 in Fighting
  3581 | D:5      | Noticed a two-headed ogre
  3592 | D:5      | Killed a two-headed ogre
  3593 | D:5      | Reached skill level 5 in Axes
  3593 | D:5      | Reached XP level 9. HP: 26/69 MP: 9/9
  3641 | D:5      | Found a white marble altar of Elyvilon.
  3641 | D:5      | Found a hide-covered altar of Uskayaw.
  3936 | D:5      | Bought a scroll labelled EPUMIT JUL BACW for 25 gold pieces
  3936 | D:5      | Bought a scroll labelled QOSITU OPLO for 25 gold pieces
  3936 | D:5      | Bought a potion of curing for 75 gold pieces
  3992 | D:6      | Reached skill level 1 in Throwing
  4018 | D:6      | Reached skill level 1 in Stealth
  4196 | D:6      | Found Nedemeu's Distillery.
  4304 | D:6      | Bought a potion of haste for 130 gold pieces
  4304 | D:6      | Bought a potion of ambrosia for 104 gold pieces
  4416 | D:6      | Bought a potion of attraction for 39 gold pieces
  5176 | D:7      | Reached XP level 10. HP: 55/77 MP: 10/10
  5901 | D:8      | Identified the +6 rapier of the Valley of Death {chaos,
                  | rPois Dex+3}
  5999 | D:8      | Reached skill level 5 in Evocations
  6137 | D:9      | Noticed a two-headed ogre
  6200 | D:9      | Found a blossoming altar of Fedhas.
  6214 | D:9      | Identified the +4 whip of Truth {flame, Fly rN+++ Str-5}
  6222 | D:9      | Identified the +6 halberd of Punishment {venom, Stlth+}
  6398 | D:9      | Found a snail-covered altar of Cheibriados.
  6420 | D:9      | Reached skill level 1 in Polearms
  6887 | D:9      | Slain by a two-headed ogre

Illustrated notes

Levels and vault maps discovered:
D:1:      minmay_arrival_glassed_features, layout_basic
D:2:      layout_loops_ring, dilly_ecumenical_altar_fadedgnrine
D:3:      layout_rooms, tso_altar, mainiacjoe_overflow_alcove_1,
          item_on_display_b, uniq_jessica, uniq_terence
D:4:      layout_loops_ring, lemuel_tele_altar, zin_treasury,
          minmay_misc_feat_room
D:5:      layout_basic, mainiacjoe_overflow_surrounded_room,
          gammafunk_temple_overflow_elements, minmay_temple_entry_poolview,
          serial_shops, nicolae_stop_n_shop_2, hangedman_decor_growths
D:6:      layout_loops_ring, serial_shops, shop
D:7:      layout_basic
D:8:      layout_gridville
D:9:      layout_loops_ring, old_standard_altar,
          mainiacjoe_overflow_tiny_flanked, minmay_misc_feat_square
Temple:   nicolae_temple_ecumenical_triangle

Skill      XL: |  1  2  3  4  5  6  7  8  9 10 |
---------------+-------------------------------+-----
Axes           | 1 3 5 6 |  6.4
Long Blades    | 3 4 |  4.8
Armour         | 4 5 6 7 |  7.9
Fighting       | 4 6 7 |  7.1
Evocations     | 2 4 5 |  5.5
Throwing       | 1 |  1.8
Stealth        | 1 |  1.9
Polearms       | 2 |  2.5
Dodging        | |  0.6
Shields        | |  3.9

Action                   |  1- 3 |  4- 6 |  7- 9 | 10-12 || total
-------------------------+-------+-------+-------+-------++-------
Melee: Long sword        |    70 |       |       |       ||    70
       Battleaxe         |    31 |    40 |   168 |    34 ||   273
       Halberd           |       |       |       |    81 ||    81
Throw: Dart              |       |       |     8 |     9 ||    17
       Javelin           |       |       |     4 |       ||     4
Evoke: Wand              |       |     3 |       |       ||     3
  Use: Potion            |     1 |       |     3 |     3 ||     7
       Scroll            |       |       |    11 |       ||    11
 Stab: Distracted        |       |       |     1 |       ||     1
Armor: Scale mail        |    37 |       |       |       ||    37
       Plate armour      |    31 |    21 |    86 |    92 ||   230
Dodge: Dodged            |    35 |     9 |    47 |    64 ||   155
Block: Buckler           |    16 |       |       |       ||    16

Table legend: (Time is in decaauts)
 A = Elapsed time spent in this place.
 B = Non-inter-level travel time spent in this place.
 C = Inter-level travel time spent in this place.
 D = Time resting spent in this place.
 E = Time spent auto-exploring this place.
 F = Levels seen in this place.
 G = Mean time per level.
                   A        B        C        D        E       F      G
               +--------+--------+--------+--------+--------+-----+--------+
         Total |   6934 |   6934 |      0 |    698 |   3196 |  10 |  693.4 |
       Dungeon |   6885 |   6885 |      0 |    698 |   3196 |   9 |  765.0 |
        Temple |     48 |     48 |      0 |      0 |      0 |   1 |   48.0 |
               +--------+--------+--------+--------+--------+-----+--------+

Top non-repeatable levels by time:
     D:7: 927 daAuts
     D:4: 920 daAuts
     D:1: 915 daAuts
     D:5: 889 daAuts
     D:6: 804 daAuts
     D:2: 789 daAuts
     D:9: 713 daAuts
     D:8: 510 daAuts
     D:3: 414 daAuts
  Temple: 48 daAuts
